 Dungeon Crawl Stone Soup version 0.27.1-4-g1640c2035a (webtiles) character file.

Game seed: 15716886530414607217

72116 unlimited1921 the Fighter (level 15, -3/173 HPs)
             Began as a Troll Fighter on Nov 14, 2021.
             Was an Initiate of Gozag.
             Slain by Rupert (19 damage)
             ... while paralysed by Rupert
             ... on level 13 of the Dungeon.
             The game lasted 04:38:30 (25446 turns).

unlimited1921 the Fighter (Troll Fighter)          Turns: 25446, Time: 04:38:31

Health: -3/173     AC: 10    Str: 43    XL:     15   Next: 0%
Magic:  14/14      EV:  1    Int:  8    God:    Gozag
Gold:   599        SH:  0    Dex: 12    Spells: 14/14 levels left

rFire    . . .     SeeInvis .   k - +9 trident (protect)
rCold    + . .     Faith    .   p - +3 tower shield {AC+3}
rNeg     . . .     Spirit   .   h - +0 robe "Meet" {Regen+ Str+4}
rPois    .         Reflect  .   N - +2 hat {Stlth+}
rElec    .         Harm     .   I - +0 cloak
rCorr    .         Rampage  +   (gloves unavailable)
Will     +....                  (boots unavailable)
Stlth    +++.......             b - amulet of Departure {Acrobat Rampage rC+ Int+4 Dex+3}
HPRegen  2.38/turn              L - +6 ring of strength
MPRegen  0.14/turn              A - +4 ring of evasion

@: paralysed, studying Shields
A: large, unfitting armour, claws 3, regeneration 1, shaggy fur 1, tough skin 1,
robust 1, wild magic 1
a: Renounce Religion, Potion Petition, Call Merchant, Bribe Branch


You were on level 13 of the Dungeon.
You worshipped Gozag.
Gozag was pleased with you.
You visited 5 branches of the dungeon, and saw 25 of its levels.
You also visited: Ice Cave.

You collected 2234 gold pieces.
You spent 740 gold pieces at shops.
You paid 895 gold pieces to Gozag.

Inventory:

Hand Weapons
 j - a +0 hand crossbow of electrocution
 k - a +9 trident of protection (weapon)
 z - a +4 scimitar of flaming
Missiles
 a - 4 boomerangs
 f - 106 poisoned darts
 g - 4 datura-tipped darts
 o - 6 silver javelins
 E - 178 bolts
 F - 13 curare-tipped darts
 P - 2 throwing nets
Armour
 c - a +0 troll leather armour
 h - the +0 robe "Meet" (worn) {Regen+ Str+4}
   (You found it on level 1 of the Lair of Beasts)

   Str:       It affects your strength (+4).
   Regen:     It increases your rate of health regeneration.
 n - a +2 robe of willpower
 p - a +3 tower shield of protection (worn)
 I - a +0 cloak (worn)
 N - a +2 hat of stealth (worn)
Jewellery
 b - the amulet of Departure (around neck) {Acrobat Rampage rC+ Int+4 Dex+3}
   (You found it on level 7 of the Dungeon)

   [amulet of the acrobat]

   It increases your evasion while moving and waiting.
   Int:       It affects your intelligence (+4).
   Dex:       It affects your dexterity (+3).
   rC:        It protects you from cold.
   Rampage:   It bestows one free step when moving towards enemies.
 l - a ring of resist corrosion
 q - an amulet of faith
 r - a ring of poison resistance
 x - a ring of magical power
 A - a +4 ring of evasion (right claw)
 J - a +6 ring of intelligence
 L - a +6 ring of strength (left claw)
 M - a ring of wizardry
 S - a ring of willpower
 T - an amulet of the acrobat
 W - the amulet of Vitality {Regen+ HP+15}
   (You found it on level 3 of the Lair of Beasts)

   [amulet of regeneration]

   HP:        It affects your health (+15).
   Regen:     It increases your rate of health regeneration.
 Y - a ring of ice
Wands
 d - a wand of paralysis (19) (quivered)
 D - a wand of polymorph (11)
 G - a wand of digging (12)
 R - a wand of flame (28)
 U - a wand of iceblast (8)
Scrolls
 e - 6 scrolls of immolation
 m - 4 scrolls of magic mapping
 u - 2 scrolls of amnesia
 y - 6 scrolls of teleportation
 B - 3 scrolls of fog
 C - a scroll of silence
 H - a scroll of fear
 O - a scroll of summoning
 X - 2 scrolls of torment
Potions
 i - 6 potions of curing
 t - 2 potions of brilliance {unknown}
 v - 2 potions of resistance
 w - 3 potions of flight
 K - a potion of lignification {unknown}
 Q - a potion of haste
 Z - a potion of cancellation


   Skills:
 * Level 12.4 Fighting
 - Level 2.3 Long Blades
 + Level 10.6 Polearms
 * Level 6.2 Throwing
 + Level 3.3 Armour
 + Level 9.9 Dodging
 - Level 2.8 Stealth
 - Level 10.3 Shields
 + Level 2.1 Evocations


You had 14 spell levels left.
You didn't know any spells.
Your spell library contained the following spells:

 Spells                   Type           Power      Damage    Failure   Level
 Animate Skeleton         Necr           0%         N/A       82%         1
 Apportation              Tloc           0%         N/A       82%         1
 Foxfire                  Conj/Fire      0%         2x1d4     82%         1
 Pain                     Necr           0%         1d4       82%         1
 Static Discharge         Conj/Air       0%         N/A       91%         2
 Conjure Flame            Conj/Fire      0%         6-21      99%         3
 Dazzling Flash           Conj/Hex       0%         N/A       99%         3
 Frozen Ramparts          Ice            0%         1d2       99%         3
 Gell's Gravitas          Tloc           0%         N/A       99%         3
 Inner Flame              Hex/Fire       0%         N/A       99%         3
 Lesser Beckoning         Tloc           0%         N/A       99%         3
 Portal Projectile        Hex/Tloc       0%         N/A       99%         3
 Teleport Other           Tloc           0%         N/A       99%         3
 Vampiric Draining        Necr           0%         2d6       99%         3
 Dispel Undead            Necr           0%         3d6       100%        4
 Ice Form                 Ice/Tmut       0%         N/A       100%        4
 Iskenderun's Mystic Bla  Conj/Tloc      0%         2d3       100%        4
 Sticky Flame             Conj/Fire      0%         2d3       100%        4
 Summon Ice Beast         Ice/Summ       0%         N/A       100%        4
 Alistair's Intoxication  Tmut/Pois      0%         N/A       100%        5
 Blade Hands              Tmut           0%         N/A       100%        5
 Excruciating Wounds      Necr           0%         N/A       100%        5
 Lightning Bolt           Conj/Air       0%         1d11      100%        5
 Invisibility             Hex            0%         N/A       100%        6
 Starburst                Conj/Fire      0%         6d3       100%        6
 Maxwell's Capacitive Co  Air            0%         ∞         100%        8


Dungeon Overview and Level Annotations

Branches:
Dungeon (14/15) Temple (1/1) D:6 Lair (6/6) D:9 Swamp (0/4) Lair:3 Slime (2/5) Lair:5 Orc (2/2) D:12 Vaults (0/5) D:13 D:14 IceCv (visited) Snake: Lair:2-4 Spider: Lair:2-4 Elf: Orc:2

Altars:
Ashenzari
Cheibriados
Dithmenos
Elyvilon
Fedhas
Gozag
Hepliaklqana
Kikubaaqudgha
Makhleb
Nemelex Xobeh
Okawaru
Qazlal
Ru
Sif Muna
Trog
Uskayaw
Vehumet
Wu Jian
Xom
Yredelemnul
Zin
The Shining One
Jiyva

Shops:
D:6 ::!?   D:9 *   D:11 =   Orc:1 :

Portals:
Trove: D:11 (give +3 gold dragon scales)

Annotations:
D:13 Rupert
Lair:1 2 transporters, Beischinu's ghost, journeyman MiFi


Innate Abilities, Weirdness & Mutations

You are too large for most types of armour.
You have claws for hands.
Your natural rate of healing is unusually fast.
You are covered in fur. (AC +1)
You have tough skin. (AC +1)
You are robust. (+10% HP)
Your spells are a little harder to cast, but a little more powerful.


Message History

Rupert burns you.
You are too confused!
You are too confused!
You are too confused!
You are too confused!
You are too confused!
You are too confused!
Rupert closely misses you. Rupert barely misses you.
You are too confused!
You are too confused!
You are too confused!
Rupert hits you with a +1 battleaxe of flaming!!
Rupert burns you.
You are too confused!
You are too confused!
You are too confused!
You are too confused!
You are too confused!
Rupert completely misses you.
You are too confused!
You are too confused!
You feel less confused. Rupert yells loudly at you.
You suddenly lose the ability to move!
Rupert hits you with a +1 battleaxe of flaming!
Rupert burns you!
Rupert roars madly and goes into a rage!
Rupert goes berserk!
Rupert hits you with a +1 battleaxe of flaming!
Rupert burns you.
Rupert hits you with a +1 battleaxe of flaming!!
Rupert burns you!
Rupert hits you with a +1 battleaxe of flaming!!
Rupert burns you!
Rupert hits you with a +1 battleaxe of flaming!!!
* * * LOW HITPOINT WARNING * * *
Rupert burns you!!
You die...
Your body crumbles into a pile of gold.

..........##..##.....#
..........######.....#
..............#......#
#....##.......#......#
#....##.......'.....#####
.....#........#....[##..##
.....#........#....(.....#
.....#........#.@........#
.....#........#.@....[..##
.....##...##..#.....#####
.....##...######...[##
......#...##..##.....#
......#....'..'......#
.<....#....#..#......#
#...###..###..##....##
#...###..###..########
.....#...#....#......#


You could see Rupert (berserk).

Vanquished Creatures
  An acid blob (Lair:5)
  Gastronok (D:11)
  Nessos (D:13)
  The ghost of Xeikkuus the Cleaver, a journeyman MiFi of Okawaru (D:12)
  Harold (D:11)
  Erolcha (D:11)
  A vault guard (D:11)
  A boulder beetle (Lair:3)
  9 hydras
  3 catoblepae
  3 two-headed ogres
  3 centaur warriors
  3 death yaks (Lair:6)
  Urug (D:13)
  The ghost of waplegopp the Cleaver, a novice TeBe of Trog (D:9)
  The ghost of Moogle the Covert, a novice OpBr (D:7)
  4 deep elf pyromancers
  An orc knight (Orc:1)
  2 manticores (Lair:6)
  A wolf spider (D:13)
  An ugly thing (D:12)
  A cyclops (D:13)
  Joseph (D:9)
  3 elephants (Lair:5)
  A moth of wrath (D:7)
  3 black mambas
  3 torpor snails
  2 gargoyles
  16 cane toads
  Psyche (D:7)
  6 komodo dragons
  4 kobold demonologists (D:12)
  2 rime drakes (Lair:6)
  2 unseen horrors
  A yaktaur (shapeshifter) (D:13)
  An efreet (D:13)
  5 trolls
  A polar bear (Lair:5)
  Grinder (D:4)
  7 slime creatures
  12 dream sheep
  4 blink frogs
  A shadow (D:11)
  A wraith (D:11)
  8 wyverns
  A dire elephant simulacrum (IceCv)
  59 yaks
  3 basilisks
  2 hogs (Lair:4)
  A steam dragon (D:8)
  A death yak simulacrum (IceCv)
  16 humans (D:13)
  2 wargs (Orc:1)
  20 water moccasins
  3 swamp worms (D:9)
  A sky beast (D:4)
  3 black bears
  A necrophage (D:7)
  2 ice beasts
  8 orc warriors
  5 ogres
  3 wolves (Lair:5)
  11 centaurs
  11 kobold brigands
  12 bullfrogs
  A gnoll sergeant (D:10)
  2 cane toad simulacra (IceCv)
  A wyvern skeleton (D:6)
  4 howler monkeys
  4 electric eels
  3 wights (D:10)
  2 centaur zombies
  3 hounds
  2 bullfrog zombies
  7 orc priests
  A jelly (D:7)
  A bullfrog skeleton (D:6)
  2 centaur skeletons
  6 iguanas
  5 orc wizards
  4 hell rats (Lair:6)
  A hound skeleton (D:8)
  3 howler monkey zombies
  6 adders
  A shadow imp (D:5)
  An ufetubus (D:6)
  3 worms
  6 dart slugs
  28 orcs
  6 ball pythons
  9 endoplasms
  5 giant cockroaches
  5 goblins
  4 hobgoblins
  3 jackals (D:1)
  13 kobolds
  8 quokkas
  5 bats
  3 frilled lizards
  8 rats
  A butterfly (Lair:1)
460 creatures vanquished.

Vanquished Creatures (collateral kills)
  An azure jelly (Slime:1)
  A quicksilver ooze (Slime:1)
  A boulder beetle (D:11)
  A two-headed ogre (D:11)
  An orc knight (Orc:1)
  3 shining eyes (Slime:1)
  An orc sorcerer (Orc:1)
  A manticore (D:11)
  2 slime creatures (Slime:1)
  An orc warrior (D:11)
  An orc priest (D:11)
14 creatures vanquished.

Vanquished Creatures (others)
  Kirke (Lair:4)
  An ugly thing (IceCv)
  3 humans (Lair:4)
  45 fungi
  77 plants
127 creatures vanquished.

Grand Total: 601 creatures vanquished

Notes
Turn   | Place    | Note
-------+----------+-------------------------------------------
     0 | D:1      | unlimited1921 the Troll Fighter began the quest for the
                  | Orb.
     0 | D:1      | Reached XP level 1. HP: 22/22 MP: 0/0
   154 | D:1      | Reached XP level 2. HP: 29/29 MP: 1/1
   498 | D:1      | Reached XP level 3. HP: 36/36 MP: 2/2
  1033 | D:2      | Reached XP level 4. HP: 44/44 MP: 3/3
  1080 | D:2      | Found a white marble altar of Elyvilon.
  1553 | D:3      | Reached skill level 3 in Fighting
  1553 | D:3      | Reached skill level 1 in Polearms
  1880 | D:3      | Reached XP level 5. HP: 53/53 MP: 4/4
  2394 | D:4      | Found a sacrificial altar of Ru.
  2422 | D:4      | Noticed Grinder
  2441 | D:4      | Killed Grinder
  2442 | D:4      | Reached XP level 6. HP: 61/61 MP: 5/5
  2880 | D:4      | Found a broken altar of Ashenzari.
  3173 | D:5      | Entered Level 5 of the Dungeon
  3215 | D:5      | Noticed a troll
  3228 | D:6      | Found Dyan's Book Emporium.
  3236 | D:5      | Noticed a sky beast
  3255 | D:4      | Reached skill level 1 in Stealth
  3288 | D:4      | Killed a sky beast
  3289 | D:4      | Reached XP level 7. HP: 55/68 MP: 6/6
  3434 | D:4      | HP: 2/68 [centaur/arrow (7)]
  3769 | D:3      | Killed a troll
  3770 | D:3      | Reached skill level 4 in Fighting
  4236 | D:5      | Found a glowing silver altar of Zin.
  4332 | D:5      | Reached XP level 8. HP: 79/79 MP: 7/7
  4900 | D:6      | Reached skill level 1 in Throwing
  4916 | D:6      | Found Luguwnem's Book Emporium.
  5068 | D:6      | Found Sole's Jewellery Shoppe.
  5089 | D:6      | Found Oviut's Magic Scroll Emporium.
  5113 | D:6      | Bought a scroll of identify for 20 gold pieces
  5113 | D:6      | Bought a scroll of identify for 20 gold pieces
  5113 | D:6      | Bought a scroll of identify for 20 gold pieces
  5113 | D:6      | Bought a scroll of identify for 20 gold pieces
  5115 | D:6      | Identified a scroll of acquirement
  5119 | D:6      | Acquired a +0 tower shield of protection
  5155 | D:6      | Bought a scroll of summoning for 95 gold pieces
  5280 | D:6      | Found a staircase to the Ecumenical Temple.
  5315 | Temple   | Entered the Ecumenical Temple
  5428 | D:6      | Found a radiant altar of Vehumet.
  5477 | D:6      | Found Syg Dyng's Distillery.
  5491 | D:6      | Bought a potion of heal wounds for 65 gold pieces
  5515 | D:6      | Reached skill level 5 in Fighting
  5606 | D:6      | Noticed a gargoyle
  5885 | D:6      | Killed a gargoyle
  5886 | D:6      | Reached skill level 5 in Shields
  6186 | D:7      | Reached XP level 9. HP: 88/88 MP: 8/8
  6214 | D:7      | Reached skill level 5 in Polearms
  6996 | D:7      | Found a transporter.
  7109 | D:7      | Found a transporter.
  7113 | D:7      | Noticed Moogle's ghost (novice OpBr)
  7129 | D:7      | Noticed a moth of wrath
  7418 | D:7      | Found an ornate altar of the Wu Jian Council.
  7473 | D:6      | Bought a scroll of enchant weapon for 75 gold pieces
  7531 | D:7      | Reached skill level 5 in Dodging
  7593 | D:8      | Noticed a four-headed hydra
  7755 | D:7      | Reached skill level 6 in Fighting
  7757 | D:8      | Noticed Psyche
  7774 | D:7      | Killed Psyche
  7905 | D:8      | Noticed a deep elf pyromancer
  7912 | D:8      | Found a snail-covered altar of Cheibriados.
  7919 | D:8      | Killed a deep elf pyromancer
  7920 | D:8      | Reached XP level 10. HP: 75/100 MP: 9/9
  7929 | D:8      | Found a shimmering blue altar of Sif Muna.
  8093 | D:8      | Killed a four-headed hydra
  8222 | D:8      | Found a sparkling altar of Nemelex Xobeh.
  8608 | D:8      | Found a burning altar of Makhleb.
  8782 | D:9      | Reached skill level 7 in Fighting
  8817 | D:9      | Found a staircase to the Lair.
  8969 | D:9      | You fall into a shaft and drop 2 floors!
  8970 | D:11     | Noticed a manticore
  8972 | D:11     | Noticed a two-headed ogre
  8976 | D:11     | Noticed a boulder beetle
  8991 | D:11     | Killed a two-headed ogre
  8996 | D:11     | Killed a manticore
  9006 | D:11     | Killed a boulder beetle
  9228 | D:11     | Noticed Gastronok
  9255 | D:11     | Killed Gastronok
  9256 | D:11     | Reached skill level 8 in Fighting
  9256 | D:11     | Reached XP level 11. HP: 77/113 MP: 10/10
  9532 | D:11     | Noticed Harold
  9558 | D:11     | Killed Harold
  9767 | D:11     | Found Vulyv's Jewellery Shoppe.
  9835 | D:11     | Noticed Erolcha
  9855 | D:11     | Killed Erolcha
 10101 | D:11     | Noticed a vault guard
 10119 | D:11     | Killed a vault guard
 10120 | D:11     | Reached skill level 9 in Fighting
 10129 | D:11     | Found a portal to a secret trove of treasure.
 10289 | D:11     | Found a bloodstained altar of Trog.
 10356 | D:10     | Entered Level 10 of the Dungeon
 10359 | D:10     | Noticed a two-headed ogre
 10382 | D:11     | Killed a two-headed ogre
 10409 | D:10     | Noticed a two-headed ogre
 10434 | D:10     | Killed a two-headed ogre
 10507 | D:10     | Noticed a centaur warrior
 10549 | D:10     | Killed a centaur warrior
 10938 | D:10     | Found a faded altar of an unknown god.
 10940 | D:10     | Found a hazy altar of Hepliaklqana.
 11161 | D:9      | Noticed Joseph
 11174 | D:9      | Killed Joseph
 11175 | D:9      | Reached XP level 12. HP: 115/126 MP: 11/11
 11197 | D:9      | Found a large runed translucent door.
 11198 | D:9      | Found a large runed translucent door.
 11254 | D:9      | Noticed waplegopp's ghost (novice TeBe)
 11417 | D:9      | Killed waplegopp's ghost
 12014 | D:9      | Noticed a two-headed ogre
 12031 | D:9      | Found Fonged's Assorted Antiques.
 12045 | D:9      | Killed a two-headed ogre
 12078 | D:9      | Bought a scroll of identify for 46 gold pieces
 12078 | D:9      | Bought a runed hand crossbow for 149 gold pieces
 12889 | D:7      | Killed Moogle's ghost
 12895 | D:7      | Identified the amulet of Departure {Acrobat Rampage rC+
                  | Int+4 Dex+3}
 14413 | D:8      | You fall into a shaft and drop 1 floor!
 14733 | D:12     | Reached skill level 10 in Fighting
 14733 | D:12     | Reached skill level 10 in Shields
 14899 | D:12     | Found a runed translucent gate.
 14899 | D:12     | Found a runed translucent gate.
 14899 | D:12     | Found a runed translucent gate.
 14900 | D:12     | Noticed Xeikkuus's ghost (journeyman MiFi)
 14968 | D:12     | Reached skill level 1 in Armour
 14993 | D:12     | Found a staircase to the Orcish Mines.
 15214 | D:12     | Killed Xeikkuus's ghost
 15394 | Orc:1    | Entered Level 1 of the Orcish Mines
 15512 | Orc:1    | Found Baleb's Book Boutique.
 15749 | Orc:2    | Entered Level 2 of the Orcish Mines
 16099 | D:6      | Bought a scroll of fear for 35 gold pieces
 16175 | D:9      | Bought a scroll labelled ZARGHUGOREQ for 23 gold pieces
 16175 | D:9      | Bought a scroll of enchant weapon for 172 gold pieces
 16363 | Lair:1   | Entered Level 1 of the Lair of Beasts
 16374 | Lair:1   | Noticed an eight-headed hydra
 16435 | D:9      | Killed an eight-headed hydra
 16636 | Lair:1   | Reached XP level 13. HP: 120/135 MP: 12/12
 17099 | Lair:1   | Found a transporter.
 17206 | Lair:1   | Reached skill level 1 in Evocations
 17346 | Lair:1   | Identified the +0 robe "Meet" {Regen+ Str+4}
 17770 | Lair:1   | Found a transporter.
 17904 | Lair:1   | Noticed Beischinu's ghost (journeyman MiFi)
 18255 | Lair:2   | Reached skill level 11 in Fighting
 18405 | Lair:2   | You fall into a shaft and drop 1 floor!
 18550 | Lair:3   | Found a staircase to the Swamp.
 18662 | Lair:3   | Found the amulet of Vitality {Regen+ HP+15}
 19616 | Lair:3   | You fall into a shaft and drop 1 floor!
 19956 | Lair:4   | Noticed Kirke
 19989 | Lair:4   | Killed Kirke
 20102 | Lair:4   | Found a frozen archway.
 20706 | Lair:5   | Found a viscous altar of Jiyva.
 20727 | Lair:5   | Found a staircase to the Slime Pits.
 20862 | Lair:5   | Reached XP level 14. HP: 146/146 MP: 13/13
 21354 | Slime:1  | Entered Level 1 of the Pits of Slime
 21354 | Slime:1  | Noticed an acid blob
 21382 | Lair:5   | HP: 7/148 [acid (12)]
 21395 | Lair:5   | HP: 5/148 [acid (19)]
 21839 | Slime:1  | Noticed a quicksilver ooze
 21846 | Slime:1  | Noticed an azure jelly
 21847 | Slime:1  | Killed a quicksilver ooze
 21854 | Slime:1  | Killed an azure jelly
 21859 | Slime:1  | Reached skill level 5 in Throwing
 21987 | Slime:2  | Noticed a rockslime
 21987 | Slime:2  | Noticed an acid blob
 22031 | Lair:6   | Entered Level 6 of the Lair of Beasts
 22095 | Lair:5   | Killed an acid blob
 22473 | Lair:6   | Found a frozen archway.
 22486 | IceCv    | Entered an ice cave
 22488 | IceCv    | Found a transporter.
 22684 | IceCv    | Found a transporter.
 22717 | Lair:6   | Reached skill level 10 in Polearms
 22728 | Lair:6   | Reached skill level 12 in Fighting
 23575 | Temple   | Became a worshipper of Gozag Ym Sagoz the Greedy
 24117 | D:13     | Acquired a manual of Shields
 24559 | D:13     | Noticed Nessos
 24585 | D:13     | Killed Nessos
 24600 | D:13     | Gained mutation: Your spells are a little easier to cast,
                  | but a little less powerful. [potion of mutation]
 24600 | D:13     | Gained mutation: You have large cloven feet. [potion of
                  | mutation]
 24601 | D:13     | Lost mutation: You have large cloven feet. [potion of
                  | mutation]
 24601 | D:13     | Lost mutation: Your spells are a little easier to cast, but
                  | a little less powerful. [potion of mutation]
 24601 | D:13     | Gained mutation: You are robust. (+10% HP) [potion of
                  | mutation]
 24601 | D:13     | Gained mutation: Your system is resistant to poisons.
                  | (rPois) [potion of mutation]
 24601 | D:13     | Gained mutation: You are partially covered in iridescent
                  | scales. (AC +2) [potion of mutation]
 24602 | D:13     | Lost mutation: You are partially covered in iridescent
                  | scales. (AC +2) [potion of mutation]
 24602 | D:13     | Lost mutation: Your system is resistant to poisons. (rPois)
                  | [potion of mutation]
 24602 | D:13     | Lost mutation: You are robust. (+10% HP) [potion of
                  | mutation]
 24602 | D:13     | Gained mutation: Your spells are a little harder to cast,
                  | but a little more powerful. [potion of mutation]
 24602 | D:13     | Gained mutation: You are robust. (+10% HP) [potion of
                  | mutation]
 25187 | D:14     | Noticed Rupert
 25187 | D:14     | Noticed Urug
 25187 | D:14     | Found a gate to the Vaults.
 25375 | D:13     | Killed Urug
 25376 | D:13     | Reached XP level 15. HP: 173/173 MP: 14/14
 25383 | D:14     | Paralysed by Rupert for 2 turns
 25389 | D:14     | Paralysed by Rupert for 5 turns
 25441 | D:13     | Paralysed by Rupert for 7 turns
 25446 | D:13     | Slain by Rupert

Illustrated notes

Levels and vault maps discovered:
D:1:      dpeg_arrival_oval, layout_basic
D:2:      layout_basic, basic_altar, minmay_misc_feat_hallway
D:3:      layout_loops_cross
D:4:      layout_basic, mainiacjoe_overflow_24_doors, general_overflow_altar,
          uniq_grinder
D:5:      layout_rooms, mainiacjoe_overflow_boulevard
D:6:      layout_gridville, overflow_temple_1_default, temple_green,
          serial_shops, nicolae_shop_crystal, shop, shop, shop, shop_fountains
D:7:      layout_loops_cross, nicolae_wu_jian_immortal_techniques,
          gammafunk_ghost_berserking_beasts, serial_bayou, serial_bayou_pond_b,
          serial_bayou_crossing, serial_bayou_pond_e, serial_bayou_shore_b
D:8:      minmay_bloctagon_deflated, layout_cave_pools,
          makhleb_blood_cavern_becter, kennysheep_mini,
          mainiacjoe_overflow_large_starburst, uniq_psyche
D:9:      layout_irregular_city, minmay_lair_entry_grove, serial_shops,
          nicolae_shop_overgrown_old_shop, ebering_ghost_disaster_area,
          worms_lemuel, uniq_joseph
D:10:     layout_rooms, beargit_hepliaklqana_dungeon_heroes,
          minmay_misc_feat_rugged
D:11:     layout_long_grid, serial_shops, kennysheep_mini_moat, enter_trove_5,
          trog_antimagical, uniq_gastronok, uniq_erolcha, uniq_harold
D:12:     layout_rooms, orc_0_dummy, gammafunk_ghost_nasty_kobolds,
          gauntlet_entry_generic
D:13:     layout_gridville, nicolae_benzene_ring, uniq_nessos
D:14:     layout_stronghold, david_vaults_3, elves_outpost_lemuel
Temple:   minmay_temple_bridge_abc
Lair:1:   layout_layer_cave, nzn_ghost_randoct, serial_bayou_pond_c,
          grunt_megastairs_2, lemuel_fruit_fields, infiniplex_staircase_pool_2
Lair:2:   layout_small_grid, spider_nest_entry_funnel_web, uniq_erica
Lair:3:   layout_regular_city, minmay_swamp_entry_worms, st_stairs_9,
          minmay_shattered_shrine
Lair:4:   layout_cave_shapes, portal_ice_cave_entry_pillars_2,
          beast_lair_carwin_11, grunt_megastairs_1, uniq_kirke
Lair:5:   layout_misc_corridors, slime_altar_1, grunt_megastairs_5,
          lemuel_fruit_fields
Lair:6:   evilmike_catoblepas_cave, layout_big_grid, portal_ice_cave_rime,
          serial_bayou_shore_a
Slime:1:  layout_caves, basic_altar
Slime:2:  layout_caves
Orc:1:    layout_caves, basic_altar, serial_shops, shop
Orc:2:    st_orc_ogre_mass, layout_diamond_mine

Skill      XL: |  1  2  3  4  5  6  7  8  9 10 11 12 13 14 |
---------------+-------------------------------------------+-----
Long Blades    | 2 |  2.3
Dodging        | 3 4 6 7 8 9 |  9.9
Fighting       | 3 4 5 6 8 9 10 11 12 | 12.4
Polearms       | 1 2 3 4 5 7 9 10 | 10.6
Shields        | 3 4 5 6 8 9 10 | 10.3
Stealth        | 1 2 |  2.8
Throwing       | 1 2 4 6 |  6.2
Armour         | 2 3 |  3.3
Evocations     | 1 2 |  2.1

Action                   |  1- 3 |  4- 6 |  7- 9 | 10-12 | 13-15 || total
-------------------------+-------+-------+-------+-------+-------++-------
Melee: Long sword        |   102 |       |       |       |       ||   102
       Trident           |    17 |   143 |   287 |   801 |  1106 ||  2354
Throw: Dart              |     3 |     2 |    18 |     6 |       ||    29
Evoke: Wand              |       |       |       |    12 |    39 ||    51
  Use: Scroll            |       |       |    14 |    13 |    15 ||    42
       Potion            |       |       |     2 |     5 |     6 ||    13
 Stab: Sleeping          |       |     4 |     1 |     9 |    13 ||    27
       Distracted        |       |       |     1 |     1 |     1 ||     3
       Paralysed         |       |       |       |     3 |       ||     3
       Petrifying        |       |       |       |       |     3 ||     3
       Petrified         |       |       |       |       |     2 ||     2
Armor: Robe              |    45 |    72 |   118 |   108 |   315 ||   658
       Troll leather arm |       |       |       |    77 |    12 ||    89
Dodge: Dodged            |    47 |    57 |   140 |   305 |   497 ||  1046
Block: Kite shield       |    61 |    72 |    91 |       |       ||   224
       Tower shield      |       |       |   169 |   902 |  1339 ||  2410
       Rpst.: Long sword |    18 |       |       |       |       ||    18
